 Dungeon Crawl Stone Soup version 0.28.0-49-g6dfe1f597d (webtiles) character file.

Game seed: 16525040913081278917

302 THEBESTLOSER the Chopper (level 6, 55/55 (56) HPs)
             Began as a Minotaur Monk on May 12, 2022.
             Was an Initiate of Ashenzari.
             Quit the game in the Ecumenical Temple.
             The game lasted 00:15:32 (1957 turns).

THEBESTLOSER the Chopper (Minotaur Monk)            Turns: 1957, Time: 00:15:33

HP:   55/55 (56)    AC:  5    Str: 17    XL:     6   Next: 14%
MP:   5/5           EV: 13    Int:  5    God:    Ashenzari [......]
Gold: 46            SH:  0    Dex: 20    Spells: 5/5 levels left

rFire   . . .      SeeInvis .   k - +3 war axe "Coaptut" {flame, rC++ Int-2 Dex+7}
rCold   + + .      Faith    .   (no shield)
rNeg    . . .      Spirit   .   i - +0 ring mail
rPois   .          Reflect  .   (helmet restricted)
rElec   .          Harm     .   (no cloak)
rCorr   .          Rampage  .   (no gloves)
Will    .....                   (no boots)
Stlth   ++........              (no amulet)
HPRegen 0.18/turn               (no ring)
MPRegen 0.09/turn               (no ring)

@: lightly drained
A: horns 2, retaliatory headbutt
a: Renounce Religion


You were in the Ecumenical Temple.
You worshipped Ashenzari.
Ashenzari was noncommittal.
You visited 2 branches of the dungeon, and saw 5 of its levels.

You collected 46 gold pieces.

Inventory:

Hand Weapons
 k - the +3 war axe "Coaptut" (weapon) {flame, rC++ Int-2 Dex+7}
   (You found it on level 4 of the Dungeon)

   It burns those it strikes, dealing additional fire damage.
   Big, fiery blades are also staple armaments of hydra-hunters.
   Int:       It affects your intelligence (-2).
   Dex:       It affects your dexterity (+7).
   rC:        It greatly protects you from cold.
Missiles
 g - 2 boomerangs (quivered)
Armour
 i - a +0 ring mail (worn)
Scrolls
 b - a scroll of enchant weapon {unknown}
 h - a scroll of immolation {unknown}
 j - a scroll of amnesia {unknown}
 m - a scroll of blinking {unknown}
 n - a scroll of acquirement {unknown}
Potions
 a - a potion of lignification {unknown}
 c - 2 potions of magic {unknown}
 d - a potion of degeneration {unknown}
 f - a potion of curing {unknown}
 l - a potion of brilliance {unknown}


   Skills:
 + Level 5.2 Fighting
 + Level 5.2 Axes
 + Level 4.7 Dodging
 + Level 3.2 Stealth


You had 5 spell levels left.
You didn't know any spells.
Your spell library contained the following spells:

 Spells                   Type           Power      Damage    Failure   Level
 Petrify                  Tmut/Erth      0%         N/A       100%        4
 Metabolic Englaciation   Hex/Ice        0%         N/A       100%        5
 Statue Form              Tmut/Erth      0%         N/A       100%        6


Dungeon Overview and Level Annotations

Branches:
Dungeon (4/15)             Temple (1/1) D:4

Altars:
Ashenzari
Cheibriados
Dithmenos
Elyvilon
Fedhas
Hepliaklqana
Kikubaaqudgha
Makhleb
Nemelex Xobeh
Okawaru
Trog
Vehumet
Wu Jian
Yredelemnul
Zin
The Shining One

Portals:
Sewer: D:4


Innate Abilities, Weirdness & Mutations

You have a pair of horns on your head.
You reflexively headbutt those who attack you in melee.


Message History

You kneel at the altar of the Shining One.
There is an ancient bone altar of Kikubaaqudgha here.
You kneel at the altar of Kikubaaqudgha.
There is an ancient bone altar of Kikubaaqudgha here.
Found a sparkling altar of Nemelex Xobeh.
Found a hazy altar of Hepliaklqana and a radiant altar of Vehumet.
Found a blossoming altar of Fedhas.
There is a sparkling altar of Nemelex Xobeh here.
Found a broken altar of Ashenzari.
Found a bloodstained altar of Trog.
Found an ornate altar of the Wu Jian Council.
Found a basalt altar of Yredelemnul.
There is a hazy altar of Hepliaklqana here.
You kneel at the altar of Hepliaklqana.
There is a sparkling altar of Nemelex Xobeh here.
You kneel at the altar of Nemelex Xobeh.
There is a radiant altar of Vehumet here.
You kneel at the altar of Vehumet.
There is a blossoming altar of Fedhas here.
You kneel at the altar of Fedhas.
There is a bloodstained altar of Trog here.
There is a broken altar of Ashenzari here.
You kneel at the altar of Ashenzari.
There is an ornate altar of the Wu Jian Council here.
You kneel at the altar of Wu Jian.
There is a broken altar of Ashenzari here.
You kneel at the altar of Ashenzari.
Ashenzari welcomes you!
Ashenzari invites you to partake of a vision and a curse of melee combat and alchemy.
Ashenzari warns you of distant threats and treasures.
Ashenzari reveals the structure of the dungeon to you.
Ashenzari shows you where magical portals lie.
Your +4 ring of slaying glows black for a moment.
Okay, then.
Really remove and destroy the cursed ring of Toth-Mos's Legacy {Slay+4, Melee, Alch}?
You shatter the curse binding the cursed ring of Toth-Mos's Legacy {Slay+4, Melee, Alch}!
Okay, then.
There is a blossoming altar of Fedhas here.
There is a sparkling altar of Nemelex Xobeh here.
There is a shadowy altar of Dithmenos here.
You kneel at the altar of Dithmenos.
Are you sure you want to abandon this character and quit the game? (Confirm with "yes".)

#...#.......#......._.......#..
#..#.....#...#..#.#...#.#..#...
#..#._.#.#._.#.....#.#.....#...
#..#...#.....#.............#...
#...#.......#...............#..
#......._...#...............#..
#...#.#...##.......####......##
#......###.......### ###......
###...........@### ###....
###........### ###.. ##########
###


There were no monsters in sight!

Vanquished Creatures
  An ogre (D:4)
  A phantom (D:4)
  2 orc priests
  An orc wizard (D:3)
  An adder (D:4)
  An ufetubus (D:4)
  An adder skeleton (D:4)
  5 orcs
  4 endoplasms
  6 giant cockroaches
  3 goblins
  2 hobgoblins (D:1)
  5 quokkas
  A ball python (D:3)
  3 frilled lizards
  8 kobolds
  2 rats (D:1)
47 creatures vanquished.

Notes
Turn   | Place    | Note
-------+----------+-------------------------------------------
     0 | D:1      | THEBESTLOSER the Minotaur Monk began the quest for the Orb.
     0 | D:1      | Reached XP level 1. HP: 19/19 MP: 0/0
   418 | D:1      | Reached XP level 2. HP: 27/27 MP: 1/1
  1185 | D:3      | Reached XP level 3. HP: 32/33 MP: 2/2
  1187 | D:3      | Reached XP level 4. HP: 41/41 MP: 3/3
  1211 | D:4      | Identified the +3 war axe "Coaptut" {flame, rC++ Int-2
                  | Dex+7}
  1294 | D:4      | Found a glowing drain.
  1389 | D:4      | Noticed a phantom
  1396 | D:4      | Killed a phantom
  1397 | D:4      | Reached XP level 5. HP: 43/47 MP: 4/4
  1470 | D:4      | Noticed an ogre
  1478 | D:4      | Killed an ogre
  1479 | D:4      | Reached skill level 5 in Fighting
  1479 | D:4      | Reached skill level 5 in Axes
  1479 | D:4      | Reached XP level 6. HP: 35/56 MP: 5/5
  1501 | D:4      | Found a staircase to the Ecumenical Temple.
  1514 | Temple   | Entered the Ecumenical Temple
  1865 | Temple   | Became a worshipper of Ashenzari the Shackled
  1957 | Temple   | Quit the game

Illustrated notes

Levels and vault maps discovered:
D:1:      psy_arrival_dodecagon, layout_basic
D:2:      layout_loops_ring, hellmonk_ecumenical_altar_heavens_door
D:3:      layout_rooms
D:4:      layout_basic, chequers_temple_overflow_statue_of_worship,
          gammafunk_temple_overflow_elements, minmay_temple_entry_junction,
          portal_sewer_entry_f
Temple:   regret_index_temple_sphere_string

Skill      XL: |  1  2  3  4  5 |
---------------+----------------+-----
Stealth        | 2 3 |  3.2
Fighting       | 4 5 |  5.2
Axes           | 4 5 |  5.2
Dodging        | 4 |  4.7

Action                   |  1- 3 |  4- 6 || total
-------------------------+-------+-------++-------
Melee: Hand axe          |    43 |     4 ||    47
       Headbutt          |    10 |     3 ||    13
       Punch             |     1 |     2 ||     3
       War axe           |       |    28 ||    28
Throw: Boomerang         |       |     3 ||     3
Invok: Curse Item        |       |     1 ||     1
       Shatter the Chain |       |     1 ||     1
  Use: Scroll            |       |     2 ||     2
 Stab: Sleeping          |       |     2 ||     2
Armor: Robe              |     6 |       ||     6
       Ring mail         |     7 |     7 ||    14
Dodge: Dodged            |    38 |    23 ||    61
